 Dungeon Crawl Stone Soup version 0.29-a0-22-gbf593b16ee (webtiles) character file.

Game seed: 5486806785524112947

179 inmateoo the Firebug (level 5, 0/37 HPs)
             Began as a Demonspawn Fire Elementalist on Jan 29, 2022.
             Slain by Pikel (8 damage)
             ... on level 3 of the Dungeon.
             The game lasted 00:07:27 (4153 turns).

inmateoo the Firebug (Demonspawn Fire Elementalist) Turns: 4153, Time: 00:07:29

Health: 0/37       AC:  5    Str:  9    XL:     5   Next: 33%
Magic:  0/10       EV: 12    Int: 18    God:
Gold:   153        SH:  0    Dex: 13    Spells: 5/11 levels left

rFire   . . .      SeeInvis .   k - +0 trident
rCold   . . .      Faith    .   (no shield)
rNeg    . . .      Spirit   +   a - +0 robe
rPois   .          Reflect  .   e - +0 helmet
rElec   .          Harm     .   (no cloak)
rCorr   .          Rampage  .   (no gloves)
Will    .....                   (no boots)
Stlth   ++........              (no amulet)
HPRegen 0.12/turn               (no ring)
MPRegen 0.24/turn               (no ring)

@: brilliant, hasted, very quick
A: yellow scales 1, magic shield, magic regeneration
a: no special abilities


You were on level 3 of the Dungeon.
You visited 1 branch of the dungeon, and saw 4 of its levels.

You collected 153 gold pieces.

Inventory:

Hand Weapons
 k - a +0 trident (weapon)
Armour
 a - a +0 robe (worn)
 e - a +0 helmet (worn)
Jewellery
 h - a ring of flight
Scrolls
 f - a scroll of enchant weapon
Potions
 c - a potion of curing
 j - a potion of might


   Skills:
 + Level 1.0 Fighting
 - Level 2.0 Dodging
 - Level 2.0 Stealth
 + Level 0.2 Unarmed Combat
 + Level 3.6 Spellcasting
 + Level 1.6 Conjurations
 - Level 4.0 Fire Magic


You had 5 spell levels left.
You knew the following spells:

 Your Spells              Type           Power      Damage    Failure   Level
a - Foxfire               Conj/Fire      80%        2x1d8     4%          1
b - Scorch                Fire           52%        2d8       4%          2
c - Conjure Flame         Conj/Fire      20%        6-21      14%         3

Your spell library contained the following spells:

 Spells                   Type           Power      Damage    Failure   Level
 Inner Flame              Hex/Fire       15%        N/A       21%         3
 Flame Wave               Conj/Fire      20%        2d7       43%         4


Dungeon Overview and Level Annotations

Branches:
Dungeon (4/15)
 Temple: D:4-7

Altars:

Annotations:
D:3 Pikel


Innate Abilities, Weirdness & Mutations

You are partially covered in yellow scales. (AC +2)
When hurt, damage is shared between your health and your magic reserves.
You regenerate magic rapidly.


Message History

The floor.
Unknown command.
You feel better.
Pikel hits you with a +0 whip of freezing.
* * * LOW HITPOINT WARNING * * *
Pikel freezes you.
* * * LOW HITPOINT WARNING * * *
You feel better. The lemure closely misses you.
Casting: Scorch (safe; 4% risk of failure)
Confirm with . or Enter, or press ? or * to list all spells.
You feel a surge of power!
Flames lash Pikel.
Pikel is lightly wounded.
Pikel's fire resistance burns away.
Pikel barely misses you. The lemure hits you.
Unknown command.
You closely miss the lemure.
The lemure is severely wounded.
Pikel barely misses you. The lemure misses you.
Unknown command.
You hit the lemure.
The lemure is almost dead.
The lemure is no longer more vulnerable to fire.
Pikel barely misses you.
You hit the lemure.
The lemure is almost dead.
The lemure barely misses you.
Unknown command.
You closely miss the lemure.
The lemure is almost dead.
Pikel hits you with a +0 whip of freezing.
Pikel freezes you. The lemure hits you.
* * * LOW HITPOINT WARNING * * *
Unknown command.
Casting: Scorch (safe; 4% risk of failure)
Confirm with . or Enter, or press ? or * to list all spells.
You feel a surge of power!
Flames lash the lemure but do no damage.
Pikel is no longer more vulnerable to fire.
Pikel hits you with a +0 whip of freezing!
You die...

##...#.#...######.......##..#
#####.#...# #...........#
#.#...# #.#######.[##
#.#...######.# #.##
#.#..........# #.#
#.#.#....###.# #.#
#.#..........# #.#
#.######.###########.# #.#
#.§K@5§.......# #.#
############### #.# ######.#
.......# ########


You could see Pikel and a lemure.

Vanquished Creatures
  2 lemures (D:3)
  A hound (D:3)
  7 adders
  2 worms (D:2)
  2 dart slugs
  6 orcs
  6 endoplasms
  2 giant cockroaches
  5 goblins
  6 hobgoblins
  2 jackals (D:3)
  6 kobolds
  3 quokkas (D:3)
  7 ball pythons
  10 bats
  3 frilled lizards
  2 rats
72 creatures vanquished.

Vanquished Creatures (others)
  56 foxfires
56 creatures vanquished.

Grand Total: 128 creatures vanquished

Notes
Turn   | Place    | Note
-------+----------+-------------------------------------------
     0 | D:1      | inmateoo the Demonspawn Fire Elementalist began the quest
                  | for the Orb.
     0 | D:1      | Reached XP level 1. HP: 13/13 MP: 3/3
   439 | D:1      | Reached skill level 3 in Fire Magic
   439 | D:1      | Gained mutation: You are partially covered in yellow
                  | scales. (AC +2) [demonic ancestry]
   439 | D:1      | Reached XP level 2. HP: 14/19 MP: 0/5
  1090 | D:1      | Learned a level 2 spell: Scorch
  1522 | D:1      | Found a faded altar of an unknown god.
  1758 | D:1      | Learned a level 2 spell: Scorch
  1814 | D:2      | Reached XP level 3. HP: 25/25 MP: 2/6
  2826 | D:3      | Gained mutation: You regenerate magic rapidly. [demonic
                  | ancestry]
  2826 | D:3      | Reached XP level 4. HP: 26/31 MP: 2/8
  3014 | D:3      | Learned a level 3 spell: Conjure Flame
  3206 | D:3      | Found a glowing drain.
  3543 | D:2      | Gained mutation: When hurt, damage is shared between your
                  | health and your magic reserves. [demonic ancestry]
  3543 | D:2      | Reached XP level 5. HP: 28/36 MP: 4/9
  3616 | D:3      | Reached skill level 1 in Fighting
  3616 | D:3      | Reached skill level 4 in Fire Magic
  4060 | D:4      | Noticed a lemure
  4061 | D:4      | Noticed Pikel
  4061 | D:4      | Noticed a lemure
  4061 | D:4      | Noticed a lemure
  4062 | D:4      | Noticed a lemure
  4069 | D:3      | Killed a lemure
  4145 | D:3      | Killed a lemure
  4153 | D:3      | Slain by Pikel

Illustrated notes

Levels and vault maps discovered:
D:1:      onia_arrival_mini_spirals, layout_loops_ring,
          shapermc_ecumenical_altar_acropolis, corner_web_ring, minmay_ruptured
D:2:      layout_loops_ring, minmay_randomly_rotated_circles
D:3:      layout_loops_ring, gup_sewer_entry_glass, minmay_quantized
D:4:      minmay_spotlight, layout_rooms, minmay_temple_entry_mist,
          gup_ossuary_entry_pyramid, uniq_ijyb, uniq_duvessa, uniq_pikel

Skill      XL: |  1  2  3  4  5 |
---------------+----------------+-----
Dodging        | 2 |  2.0
Fire Magic     | 3 4 |  4.0
Stealth        | 2 |  2.0
Spellcasting   | 3 |  3.6
Fighting       | 1 |  1.0
Unarmed Combat | |  0.2
Conjurations   | |  1.6

Action                   |  1- 3 |  4- 6 || total
-------------------------+-------+-------++-------
Melee: Unarmed           |    50 |     8 ||    58
       Trident           |       |     7 ||     7
 Cast: Foxfire           |    59 |     7 ||    66
       Scorch            |    20 |    49 ||    69
       Conjure Flame     |       |     2 ||     2
  Use: Scroll            |     7 |     2 ||     9
       Potion            |     2 |     5 ||     7
 Stab: Sleeping          |     1 |     1 ||     2
Armor: Robe              |    85 |    26 ||   111
Dodge: Dodged            |   138 |    61 ||   199

Table legend: (Time is in decaauts)
 A = Elapsed time spent in this place.
 B = Non-inter-level travel time spent in this place.
 C = Inter-level travel time spent in this place.
 D = Time resting spent in this place.
 E = Time spent auto-exploring this place.
 F = Levels seen in this place.
 G = Mean time per level.
                   A        B        C        D        E       F      G
               +--------+--------+--------+--------+--------+-----+--------+
         Total |   4158 |   4095 |     63 |   1388 |   1704 |   4 | 1039.5 |
       Dungeon |   4158 |   4095 |     63 |   1388 |   1704 |   4 | 1039.5 |
               +--------+--------+--------+--------+--------+-----+--------+

Top non-repeatable levels by time:
     D:2: 2123 daAuts
     D:1: 1014 daAuts
     D:3: 968 daAuts
     D:4: 51 daAuts
